 Dungeon Crawl Stone Soup version 0.29.1-13-g9f3cf754e1 (webtiles) character file.

Game seed: 11071888421936684408

248446 LustLizard the Wrestler (level 18, -2/185 HPs)
             Began as a Troll Fighter on Jan 25, 2023.
             Was a High Priest of Wu Jian.
             Slain by a ragged hierophant
             ... wielding a +0 whip
              (11 damage)
             ... in the Desolation of Salt.
             The game lasted 01:32:22 (34778 turns).

LustLizard the Wrestler (Troll Fighter)            Turns: 34778, Time: 01:32:23

Health: -2/185     AC: 19    Str: 29    XL:     18   Next: 85%
Magic:  23/23      EV: 12    Int: 10    God:    Wu Jian [*****.]
Gold:   2016       SH: 22    Dex: 12    Spells: 19/25 levels left

rFire   . . .      SeeInvis +     - Unarmed
rCold   + + +      Faith    .   b - +5 kite shield
rNeg    . . .      Spirit   .   x - +4 skin of Zhor {*Englaciate rC+++ SInv}
rPois   +          Reflect  +   (helmet restricted)
rElec   .          Harm     .   Y - +2 cloak {rPois}
rCorr   +          Rampage  .   (gloves unavailable)
Will    +....                   (boots unavailable)
Stlth   +.........              U - amulet "Zagonnad" {Reflect rCorr Dex+3 SH+5}
HPRegen 1.20/turn               v - +4 ring of protection
MPRegen 0.18/turn               W - +4 ring of protection

@: no status effects
A: large, unfitting armour, claws 3, regeneration 1, shaggy fur 1, tough skin 1,
poison resistance
}: 2/15 runes: serpentine, barnacled
a: Renounce Religion, Wall Jump, Serpent's Lash, Heavenly Storm


You were in the Desolation of Salt.
You worshipped Wu Jian.
Wu Jian was extremely pleased with you.
You visited 7 branches of the dungeon, and saw 32 of its levels.
You visited the Abyss 1 time.
You also visited: Bailey, Gauntlet and Desolation.

You collected 2886 gold pieces.
You spent 870 gold pieces at shops.

Inventory:

Hand Weapons
 V - a +7 scimitar of flaming
Missiles
 g - 11 silver javelins
 h - 2 throwing nets
 n - 11 poisoned darts
 q - 32 large rocks
 y - 35 boomerangs
 F - 3 curare-tipped darts
 P - a datura-tipped dart
 R - 5 atropa-tipped darts
Armour
 b - a +5 kite shield (worn)
 x - the +4 skin of Zhor (worn) {*Englaciate rC+++ SInv}
   (You found it on level 3 of the Lair of Beasts)

   It radiates cold, occasionally slowing all nearby creatures who are not
   resistant to cold.
   rC:        It renders you almost immune to cold.
   SInv:      It lets you see invisible.
 Y - a +2 cloak of poison resistance (worn)
Jewellery
 v - a +4 ring of protection (left claw)
 z - a ring of willpower
 J - a ring of wizardry
 N - a ring of fire
 U - the amulet "Zagonnad" (around neck) {Reflect rCorr Dex+3 SH+5}
   (You found it in a Gauntlet)

   [amulet of reflection]

   It reflects blocked missile attacks.
   Dex:       It affects your dexterity (+3).
   rCorr:     It protects you from acid and corrosion.
   SH:        It affects your SH (+5).
 W - a +4 ring of protection (right claw)
 Z - a ring of positive energy
Wands
 j - a wand of mindburst (13)
 s - a wand of flame (65)
 B - a wand of charming (16) (quivered)
 O - a wand of light (5)
 Q - a wand of roots (19)
 S - a wand of digging (4)
Scrolls
 a - a scroll of enchant armour
 e - 4 scrolls of immolation
 k - a scroll of vulnerability
 p - 2 scrolls of torment
 r - 2 scrolls of blinking
 u - 12 scrolls of teleportation
 C - 4 scrolls of fear
 D - 3 scrolls of summoning
 E - 3 scrolls of silence
 H - 3 scrolls of magic mapping
 K - 2 scrolls of butterflies
 M - 4 scrolls of poison
Potions
 c - 3 potions of might
 d - 10 potions of flight
 f - 5 potions of invisibility
 i - 3 potions of attraction
 l - a potion of heal wounds
 m - 9 potions of cancellation
 o - 6 potions of mutation
 t - 3 potions of berserk rage
 A - 7 potions of curing
 G - 4 potions of brilliance
 I - 6 potions of magic
 L - 2 potions of lignification
Miscellaneous
 w - a phial of floods
 T - a phantom mirror
 X - a box of beasts


   Skills:
 - Level 13.3 Fighting
 - Level 6.0 Throwing
 - Level 9.9 Dodging
 - Level 13.3 Shields
 - Level 21.1 Unarmed Combat
 + Level 4.0 Spellcasting
 * Level 7.2 Transmutations
 * Level 8.6 Earth Magic


You had 19 spell levels left.
You knew the following spells:

 Your Spells              Type           Power      Damage    Failure   Level
a - Statue Form           Tmut/Erth      12%        N/A       93%         6

Your spell library contained the following spells:

 Spells                   Type           Power      Damage    Failure   Level
 Passwall                 Tmut/Erth      15%        N/A       2%          2
 Petrify                  Tmut/Erth      18%        N/A       16%         4
 Spider Form              Tmut/Pois      9%         N/A       28%         3
 Lee's Rapid Deconstruct  Erth           9%         3d8*      32%         5
 Apportation              Tloc           4%         N/A       38%         1
 Magic Dart               Conj           8%         1d3       38%         1
 Necrotise                Necr           8%         1d4       38%         1
 Shock                    Conj/Air       8%         1d3       38%         1
 Summon Small Mammal      Summ           8%         N/A       38%         1
 Blink                    Tloc           4%         N/A       52%         2
 Call Imp                 Summ           2%         N/A       52%         2
 Ensorcelled Hibernation  Hex/Ice        4%         N/A       52%         2
 Static Discharge         Conj/Air       2%         3-4/arc   52%         2
 Sublimation of Blood     Necr           2%         N/A       52%         2
 Leda's Liquefaction      Hex/Erth       5%         N/A       56%         4
 Call Canine Familiar     Summ           2%         N/A       77%         3
 Confusing Touch          Hex            2%         N/A       77%         3
 Mephitic Cloud           Conj/Pois/Air  2%         N/A       77%         3
 Portal Projectile        Hex/Tloc       4%         N/A       77%         3
 Summon Guardian Golem    Hex/Summ       2%         N/A       77%         3
 Swiftness                Air            2%         N/A       77%         3
 Borgnjor's Vile Clutch   Necr/Erth      5%         N/A       88%         5
 Alistair's Intoxication  Tmut/Pois      6%         N/A       95%         5
 Irradiate                Conj/Tmut      4%         3d13      95%         5
 Yara's Violent Unravell  Hex/Tmut       4%         3d4       95%         5
 Airstrike                Air            1%         2d(1-17)  99%         4
 Anguish                  Hex/Necr       1%         N/A       99%         4
 Animate Dead             Necr           2%         N/A       99%         4
 Dispel Undead            Necr           2%         3d7       99%         4
 Sticky Flame             Conj/Fire      2%         2d3       99%         4
 Manifold Assault         Tloc           2%         N/A       100%        5
 Metabolic Englaciation   Hex/Ice        1%         N/A       100%        5
 Summon Forest            Summ/Tloc      1%         N/A       100%        5
 Summon Mana Viper        Hex/Summ       2%         N/A       100%        5
 Death Channel            Necr           1%         N/A       100%        6
 Starburst                Conj/Fire      1%         6d3       100%        6
 Summon Cactus Giant      Summ           1%         N/A       100%        6
 Enfeeble                 Hex            1%         N/A       100%        7
 Storm Form               Tmut/Air       4%         N/A       100%        7
 Ignition                 Fire           1%         3d3       100%        8


Dungeon Overview and Level Annotations

Branches:
Dungeon (15/15)            Temple (1/1) D:6            Lair (5/5) D:11
 Shoals (4/4) Lair:3        Snake (4/4) Lair:2        Slime (0/5) Lair:5
    Orc (2/2) D:11            Elf (0/3) Orc:2        Vaults (1/5) D:13
 Depths (0/4) D:15         Bailey (visited)         Desolation (1/1)
Gauntlet (visited)

Altars:
Ashenzari
Cheibriados
Dithmenos
Elyvilon
Fedhas
Gozag
Hepliaklqana
Kikubaaqudgha
Makhleb
Nemelex Xobeh
Okawaru
Qazlal
Ru
Sif Muna
Trog
Uskayaw
Vehumet
Wu Jian
Xom
Yredelemnul
Zin
The Shining One
Jiyva
Lugonu

Shops:
D:2 *   D:5 **   D:7 *   D:12 =   Orc:1 (   Orc:2 *?(*(   Snake:3 *?

Portals:
Abyss: Lair:5

Annotations:
D:12 3 runed translucent doors, Fimagomp's ghost, journeyman GnTm
Lair:5 3 runed translucent doors, cheesebisquit's ghost, journeyman TrFi
Shoals:2 6 transporters
Snake:3 2 transporters, exclusion: obsidian statue


Innate Abilities, Weirdness & Mutations

You are too large for most types of armour.
You have claws for hands.
Your natural rate of healing is unusually fast.
You are covered in fur. (AC +1)
You have tough skin. (AC +1)
Your system is resistant to poisons. (rPois)


Message History

The ironbound convoker gestures at something while chanting.
The guardian serpent casts a spell at you.
The saltling blinks into view!
The ironbound convoker blinks into view!
The saltling blinks into view!
The ragged hierophant blinks!
The peacekeeper blinks into view!
The ironbound convoker blinks!
Unknown command.
Blink to where?
Press: ? - help, Dir - move target
As you read the scroll of blinking, it crumbles to dust.
The guardian serpent shouts!
The halazid warlock shouts! x2
The ragged hierophant shouts!
The peacekeeper roars a battlecry!
The golems go into a battle-frenzy!
The ragged hierophant casts a spell at you.
A blast of power from the earth and the saltling strikes you!
* * * LOW HITPOINT WARNING * * *
You block the saltling's attack.
The guardian serpent shouts!
Blink to where?
Press: ? - help, Dir - move target
As you read the scroll of blinking, it crumbles to dust.
The guardian serpent coils itself and waves its upper body at you.
The halazid warlock blinks!
The saltling blinks! x2
The ragged hierophant blinks!
The ragged hierophant gestures wildly while chanting.
The ragged hierophant begins to accept its allies' injuries.
The guardian serpent coils itself and waves its upper body at you.
You block the saltling's attack. The saltling completely misses you.
The halazid warlock touches you.
* * * LOW HITPOINT WARNING * * *
You writhe in agony.
* * * LOW HITPOINT WARNING * * *
The servant of whispers hits you with a +0 spear.
* * * LOW HITPOINT WARNING * * *
The ironbound convoker hits you but does no damage.
The saltling hits you but does no damage.
You block the saltling's attack.
The ragged hierophant hits you with a +0 whip!
You die...

..............................
..............................
..§§.......................)L....
....§....................†#......
...........#.....................
..........#......................
................∩.........a......
...............a9L...............
.....p.a....SS.a@9...............
.....p9..a..§.999p...............
....##..9.9.....9................
§§§..........9§§...a9............
9§§............LS.##............
a§§§............................
§§§§................§...........
§9§○☼.......##......☼...........
§§§.○a§......§..................


You could see 3 ragged hierophants, a servant of whispers (strong, sheltered), 2
halazid warlocks, an ironbound convoker (sheltered), 2 peacekeepers, 3 guardian
serpents and 7 saltlings.

Vanquished Creatures
  Saint Roka (Orc:2)
  A bone dragon (Abyss:2)
  Jorgrun (Orc:2)
  Rupert (Orc:1)
  2 quicksilver dragons (Snake:4)
  Agnes (Snake:1)
  5 nagarajas
  Roxanne (Shoals:2)
  A cacodemon (Abyss:2)
  The ghost of croobank the Spry, an adept FeSu of Gozag (Shoals:1)
  8 very ugly things (Vaults:1)
  An ironbound preserver (Vaults:1)
  An entropy weaver (Vaults:1)
  A minotaur (Gauntlet)
  4 merfolk javelineers (Shoals:4)
  8 merfolk impalers
  Snorg (Orc:2)
  A fire dragon (D:14)
  A ragged hierophant (Desolation)
  A great orb of eyes (Vaults:1)
  2 ogre magi (D:15)
  12 hydras
  8 vault guards (D:13)
  9 centaur warriors
  An ironbound frostheart (Vaults:1)
  Erolcha (D:10)
  9 boulder beetles
  3 merfolk avatars
  An alligator snapping turtle (Shoals:4)
  2 salamander tyrants
  11 two-headed ogres
  4 anacondas
  A death knight (D:15)
  11 naga warriors
  3 satyrs
  4 merfolk aquamancers
  4 orc high priests (Orc:2)
  3 tengu warriors
  9 death yaks
  7 thrashing horrors
  13 naga sharpshooters
  2 storm dragon zombies (D:15)
  2 shock serpents
  A soul eater (Abyss:2)
  Nergalle (D:10)
  A fire crab (Gauntlet)
  Sonja (Orc:1)
  A salamander mystic (Snake:2)
  5 skeletal warriors
  A wretched star (Abyss:2)
  8 sea snakes
  A wizard (Vaults:1)
  A flayed ghost (D:15)
  3 deep trolls (Vaults:1)
  4 naga ritualists
  5 lindwurms (Vaults:1)
  A necromancer (D:14)
  Pikel (D:5)
  4 orc knights
  17 mana vipers
  2 orc sorcerers (Orc:2)
  22 harpies
  6 large abominations
  4 deep elf pyromancers
  An oklob plant (D:11)
  14 ugly things
  11 fauns
  6 cyclopes
  A tengu skeleton (D:15)
  8 salamanders
  15 manticores
  A black mamba (shapeshifter) (D:15)
  6 guardian serpents
  6 water nymphs
  7 merfolk sirens
  20 naga magi
  29 black mambas
  10 cane toads
  3 smoke demons (Abyss:2)
  5 gargoyles
  2 vault sentinels (Vaults:1)
  A torpor snail (Lair:3)
  An unseen horror (D:11)
  A kobold demonologist (D:12)
  6 rime drakes
  2 efreet
  6 yaktaurs (Vaults:1)
  An ancient zyme (Lair:5)
  12 komodo dragons
  9 trolls
  2 polar bears
  A tengu conjurer (D:14)
  A hornet (D:8)
  A tyrant leech (Gauntlet)
  2 wind drakes
  26 merfolk
  Grinder (D:3)
  6 saltlings (Desolation)
  17 dream sheep
  A spriggan zombie (D:15)
  7 snapping turtles
  8 slime creatures
  15 blink frogs
  2 wraiths (D:15)
  2 shadows (D:11)
  4 wyverns
  3 water elementals
  A vampire (Bailey)
  2 fire bats (Gauntlet)
  4 ynoxinuls (Lair:5)
  8 vampire mosquitoes
  36 yaks
  9 basilisks
  2 fire elementals (Gauntlet)
  Eustachio (D:5)
  3 chaos spawn
  A neqoxec (Abyss:2)
  A steam dragon (D:8)
  2 acid dragons
  4 swamp worms (Gauntlet)
  A warg (Orc:1)
  63 nagas
  10 water moccasins
  A black bear (Lair:1)
  A sky beast (D:6)
  A hell hound (Gauntlet)
  26 orc warriors
  2 ice beasts
  6 wolves (Lair:2)
  8 centaurs
  13 ogres
  3 phantoms (D:5)
  A kobold brigand (D:9)
  3 necrophages
  15 bullfrogs
  16 small abominations
  A gnoll sergeant (D:9)
  3 scorpions
  17 wights
  15 killer bees
  6 vampire bats (Bailey)
  A howler monkey (D:4)
  5 wolf zombies (Bailey)
  7 hounds
  A jelly (D:5)
  25 orc priests
  2 gnoll boudas
  Jessica (D:3)
  2 iguanas
  25 orc wizards
  A statue (D:4)
  Robin (D:4)
  6 adders
  28 gnolls
  A shadow imp (D:6)
  A white imp (D:7)
  3 ufetubi
  2 worms
  2 dart slugs (D:1)
  60 orcs
  4 endoplasms
  7 giant cockroaches
  17 goblins
  6 hobgoblins
  2 jackals (D:3)
  5 quokkas
  9 ball pythons
  5 bats
  A frilled lizard (D:3)
  11 kobolds
  27 orc zombies (Bailey)
  3 rats
  A butterfly (D:7)
1095 creatures vanquished.

Vanquished Creatures (collateral kills)
  A saltling (Desolation)
1 creature vanquished.

Vanquished Creatures (others)
  Nikola (Snake:1)
  A ragged hierophant (Desolation)
  A black mamba (Snake:2)
  A yaktaur (Vaults:1)
  A naga (Snake:3)
  17 fungi
  57 plants
  2 starspawn tentacles (Abyss:2)
  11 withered plants
92 creatures vanquished.

Grand Total: 1188 creatures vanquished

Notes
Turn   | Place    | Note
-------+----------+-------------------------------------------
     0 | D:1      | LustLizard the Troll Fighter began the quest for the Orb.
     0 | D:1      | Reached XP level 1. HP: 22/22 MP: 0/0
   220 | D:1      | Reached XP level 2. HP: 29/29 MP: 1/1
   605 | D:2      | Found Lonair's General Store.
   687 | D:2      | Identified the +7 dagger of Xyung {vamp, rN+ Dex+2}
   794 | D:2      | Reached skill level 3 in Unarmed Combat
   794 | D:2      | Reached XP level 3. HP: 34/36 MP: 2/2
   821 | D:2      | Reached skill level 1 in Throwing
  1336 | D:2      | Reached XP level 4. HP: 44/44 MP: 3/3
  1482 | D:3      | Noticed Jessica
  1494 | D:3      | Killed Jessica
  1547 | D:3      | Found an iron altar of Okawaru.
  1593 | D:3      | Found an opulent altar of Gozag.
  1670 | D:3      | Found a faded altar of an unknown god.
  1873 | D:3      | Noticed Grinder
  1880 | D:3      | Killed Grinder
  1881 | D:3      | Reached skill level 4 in Unarmed Combat
  1881 | D:3      | Reached XP level 5. HP: 42/53 MP: 4/4
  1881 | D:3      | Reached XP level 6. HP: 49/61 MP: 5/5
  2220 | D:3      | Found a sacrificial altar of Ru.
  2390 | D:4      | Reached skill level 5 in Unarmed Combat
  2456 | D:4      | Noticed an orc warrior
  2478 | D:4      | Killed an orc warrior
  2479 | D:4      | Reached XP level 7. HP: 20/68 MP: 6/6
  2597 | D:4      | Noticed Robin
  2613 | D:4      | Killed Robin
  2864 | D:4      | Found a radiant altar of Vehumet.
  2893 | D:4      | Found a glowing golden altar of the Shining One.
  3125 | D:5      | Entered Level 5 of the Dungeon
  3125 | D:5      | Noticed Eustachio
  3132 | D:5      | Killed Eustachio
  3133 | D:5      | Reached skill level 6 in Unarmed Combat
  3142 | D:5      | Noticed Pikel
  3159 | D:5      | Killed Pikel
  3160 | D:5      | Reached skill level 7 in Unarmed Combat
  3160 | D:5      | Reached XP level 8. HP: 57/79 MP: 7/7
  3217 | D:5      | Found Juromuots's General Store.
  3536 | D:5      | Reached skill level 5 in Fighting
  3656 | D:5      | Bought a scroll of blinking for 90 gold pieces
  3869 | D:5      | Found Kimeobri's CLEARANCE SALE!.
  3876 | D:5      | Bought a scroll of fear for 12 gold pieces
  3876 | D:5      | Bought a scroll of teleportation for 9 gold pieces
  3876 | D:5      | Bought a scroll of summoning for 28 gold pieces
  3918 | D:6      | Reached skill level 8 in Unarmed Combat
  3937 | D:6      | Reached XP level 9. HP: 88/88 MP: 8/8
  4085 | D:6      | Found a broken altar of Ashenzari.
  4304 | D:6      | Reached skill level 5 in Shields
  4399 | D:6      | Found a staircase to the Ecumenical Temple.
  4408 | Temple   | Entered the Ecumenical Temple
  5106 | D:7      | Found an ancient bone altar of Kikubaaqudgha.
  5169 | D:7      | Reached skill level 5 in Throwing
  5250 | D:7      | Found a shimmering altar of Xom.
  5431 | D:7      | Found a blossoming altar of Fedhas.
  5531 | D:7      | Found Faynohu's General Store.
  5713 | D:8      | Reached skill level 9 in Unarmed Combat
  5885 | D:8      | Noticed a +0 dagger
  5885 | D:8      | Noticed a +0 hand axe
  5891 | D:8      | Found a hide-covered altar of Uskayaw.
  5902 | D:8      | Got the Volume of the Hyperbolic Arsonist
  6129 | D:8      | Paralysed by a hornet for 1 turns
  6134 | D:8      | Paralysed by a hornet for 2 turns
  6138 | D:8      | HP: 2/89 [hornet (14)]
  6587 | D:8      | Reached XP level 10. HP: 69/98 MP: 9/9
  6669 | D:8      | Found an ornate altar of the Wu Jian Council.
  6738 | D:8      | Became a worshipper of the Wu Jian Council
  6887 | D:8      | Noticed a two-headed ogre
  6910 | D:8      | Killed a two-headed ogre
  7005 | D:9      | Reached skill level 10 in Unarmed Combat
  7276 | D:9      | Noticed a two-headed ogre
  7281 | D:9      | Killed a two-headed ogre
  7377 | D:9      | Reached * piety under Wu Jian
  7439 | D:9      | Found a shadowy altar of Dithmenos.
  7763 | D:10     | Entered Level 10 of the Dungeon
  7940 | D:10     | Noticed Erolcha
  7948 | D:10     | Killed Erolcha
  7949 | D:10     | Reached skill level 11 in Unarmed Combat
  7949 | D:10     | Reached XP level 11. HP: 107/107 MP: 10/10
  7986 | D:10     | Found a flagged portal.
  7989 | D:10     | Reached ** piety under Wu Jian
  8005 | Bailey   | Entered a bailey
  8203 | Bailey   | Reached *** piety under Wu Jian
  8534 | D:10     | Noticed Nergalle
  8553 | D:10     | Killed Nergalle
  8554 | D:10     | Reached skill level 5 in Dodging
  8780 | D:10     | Identified the +4 rapier "Forphexyll" {flame, rC+ Dex+4
                  | Stlth+}
  8804 | D:10     | Found a sparkling altar of Nemelex Xobeh.
  8847 | D:10     | Found a snail-covered altar of Cheibriados.
  9079 | D:11     | Noticed a boulder beetle
  9112 | D:11     | Killed a boulder beetle
  9150 | D:11     | Found a staircase to the Lair.
  9150 | D:11     | Noticed an oklob plant
  9166 | D:11     | Killed an oklob plant
  9284 | D:11     | Reached skill level 12 in Unarmed Combat
  9523 | D:11     | Found a staircase to the Orcish Mines.
  9722 | D:11     | Noticed a boulder beetle
  9738 | D:11     | Killed a boulder beetle
  9791 | D:12     | Found a gate leading to a gauntlet.
  9908 | D:12     | Found a runed translucent gate.
  9909 | D:12     | Noticed a tengu warrior
  9909 | D:12     | Noticed a centaur warrior
  9910 | D:12     | Noticed a two-headed ogre
  9911 | D:12     | Found a runed translucent gate.
  9911 | D:12     | Noticed a deep elf knight
  9911 | D:12     | Noticed a naga warrior
  9911 | D:12     | Noticed a merfolk impaler
  9911 | D:12     | Noticed Fimagomp's ghost (journeyman GnTm)
  9911 | D:12     | Noticed a tengu warrior
  9912 | D:12     | Found a runed translucent gate.
  9912 | D:12     | Noticed a tengu warrior
  9921 | D:12     | Killed a two-headed ogre
  9939 | D:12     | Found Sovouts's Jewellery Shop.
  9971 | Gauntlet | Entered a Gauntlet
  9971 | Gauntlet | Noticed a wizard
  9971 | Gauntlet | Found a transporter.
  9971 | Gauntlet | Found a transporter.
  9971 | Gauntlet | Found a transporter.
  9975 | Gauntlet | Found a transporter.
  9979 | Gauntlet | Noticed a death drake
  9986 | Gauntlet | Found a transporter.
  9986 | Gauntlet | Found a transporter.
  9990 | Gauntlet | Noticed a fire crab
 10038 | Gauntlet | Found a transporter.
 10039 | Gauntlet | Found a transporter.
 10050 | Gauntlet | Found a transporter.
 10066 | Gauntlet | Found a transporter.
 10073 | Gauntlet | Noticed a quicksilver ooze
 10090 | Gauntlet | Found a transporter.
 10092 | Gauntlet | Found a transporter.
 10172 | Gauntlet | Killed a fire crab
 10173 | Gauntlet | Reached XP level 12. HP: 69/119 MP: 11/11
 10190 | Gauntlet | Identified the amulet "Zagonnad" {Reflect rCorr Dex+3 SH+5}
 10225 | Gauntlet | Reached **** piety under Wu Jian
 10480 | Gauntlet | Identified the amulet of Anut {Acrobat Fly rC+ Str-2 SInv}
 10508 | Gauntlet | Noticed a minotaur
 10516 | Gauntlet | Killed a minotaur
 10517 | Gauntlet | Reached skill level 13 in Unarmed Combat
 10795 | D:12     | Noticed a two-headed ogre
 10806 | D:12     | Killed a two-headed ogre
 10811 | D:12     | Noticed a boulder beetle
 10829 | D:12     | Noticed a two-headed ogre
 10881 | D:12     | Killed a two-headed ogre
 10894 | D:12     | Killed a boulder beetle
 11412 | D:12     | Noticed a boulder beetle
 11436 | D:12     | Killed a boulder beetle
 11458 | D:12     | Noticed a centaur warrior
 11458 | D:12     | Noticed a five-headed hydra
 11476 | D:12     | Killed a centaur warrior
 11606 | Orc:1    | Entered Level 1 of the Orcish Mines
 11626 | Orc:1    | Reached skill level 14 in Unarmed Combat
 11696 | Orc:1    | Found Uniumol's Firing Range.
 11705 | Orc:1    | Bought 5 large rocks for 52 gold pieces
 11727 | Orc:1    | Noticed Sonja
 11744 | Orc:1    | Killed Sonja
 12302 | Orc:2    | Entered Level 2 of the Orcish Mines
 12308 | Orc:2    | Noticed Rupert
 12861 | Orc:1    | Killed Rupert
 12862 | Orc:1    | Reached XP level 13. HP: 88/130 MP: 12/12
 12914 | Orc:2    | Reached ***** piety under Wu Jian
 12919 | Orc:2    | Noticed Saint Roka
 13359 | D:12     | Found an iron altar of Okawaru.
 13452 | Lair:1   | Entered Level 1 of the Lair of Beasts
 14307 | Lair:2   | Reached skill level 15 in Unarmed Combat
 14773 | Lair:2   | Reached skill level 10 in Shields
 14993 | Lair:2   | Found a staircase to the Snake Pit.
 15359 | Lair:3   | Found the +4 skin of Zhor {*Englaciate rC+++ SInv}
 15567 | Lair:3   | Reached XP level 14. HP: 133/141 MP: 13/13
 15795 | Lair:3   | Found a staircase to the Shoals.
 16179 | Lair:3   | Reached skill level 10 in Fighting
 16369 | Lair:4   | Reached ****** piety under Wu Jian
 16384 | Lair:4   | Reached skill level 16 in Unarmed Combat
 17359 | Lair:5   | Entered Level 5 of the Lair of Beasts
 17499 | Lair:5   | Found a viscous altar of Jiyva.
 17500 | Lair:5   | Found a staircase to the Slime Pits.
 17631 | Lair:5   | Found a runed translucent gate.
 17631 | Lair:5   | Noticed an acid blob
 17631 | Lair:5   | Noticed an azure jelly
 17632 | Lair:5   | Found a runed translucent gate.
 17632 | Lair:5   | Noticed an azure jelly
 17633 | Lair:5   | Found a runed translucent gate.
 17634 | Lair:5   | Noticed an azure jelly
 17634 | Lair:5   | Noticed an azure jelly
 17644 | Lair:5   | Noticed an acid blob
 17644 | Lair:5   | Noticed cheesebisquit's ghost (journeyman TrFi)
 18465 | Lair:5   | Found a corrupted altar of Lugonu.
 18465 | Lair:5   | Found a one-way gate to the infinite horrors of the Abyss.
 18675 | Lair:5   | Noticed an azure jelly
 18680 | Lair:5   | Noticed an azure jelly
 18681 | Lair:5   | Noticed a quicksilver ooze
 18682 | Lair:5   | Found a viscous altar of Jiyva.
 18882 | D:13     | Reached skill level 17 in Unarmed Combat
 19200 | D:13     | Reached XP level 15. HP: 132/152 MP: 14/14
 19200 | D:13     | Found a gate to the Vaults.
 21311 | Orc:2    | Killed Saint Roka
 21447 | Orc:2    | Noticed Jorgrun
 21600 | Orc:2    | Killed Jorgrun
 21697 | Orc:2    | Found a staircase to the Elven Halls.
 21810 | Orc:2    | Found Liemim's General Store.
 21920 | Orc:2    | Noticed Snorg
 21931 | Orc:2    | Killed Snorg
 21964 | Orc:2    | Reached skill level 18 in Unarmed Combat
 22092 | Orc:2    | Found Cuufuxoi's Magic Scroll Shop.
 22092 | Orc:2    | Found Ninwepra's General Store.
 22093 | Orc:2    | Found Hyoh's Weapon Boutique.
 22097 | Orc:2    | Found Akhlie Immy's Weapon Shop.
 22100 | Orc:2    | Bought a scroll of blinking for 97 gold pieces
 22103 | Orc:2    | Bought a scroll of blinking for 90 gold pieces
 22423 | D:15     | Entered Level 15 of the Dungeon
 22425 | D:15     | Found a staircase to the Depths.
 22871 | D:15     | Reached XP level 16. HP: 92/165 MP: 15/15
 23851 | Shoals:1 | Entered Level 1 of the Shoals
 23985 | Shoals:1 | Reached skill level 19 in Unarmed Combat
 24184 | Shoals:1 | Found a large runed translucent door.
 24184 | Shoals:1 | Found a large runed translucent door.
 24185 | Shoals:1 | Noticed croobank's ghost (adept FeSu)
 24805 | Shoals:1 | Killed croobank's ghost
 24810 | Shoals:1 | Identified the +7 hand axe "Tojetzid" {freeze, rC- Will+
                  | rCorr Dex+4}
 24945 | Shoals:2 | Noticed Roxanne
 25301 | Shoals:2 | Found a transporter.
 25302 | Shoals:2 | Found a transporter.
 25527 | Shoals:2 | Found a transporter.
 25530 | Shoals:2 | Found a transporter.
 25559 | Shoals:2 | Found a transporter.
 25565 | Shoals:2 | Found a transporter.
 26223 | Shoals:2 | Killed Roxanne
 26944 | Shoals:3 | Reached skill level 20 in Unarmed Combat
 27190 | Shoals:4 | Entered Level 4 of the Shoals
 27618 | Abyss:2  | Cast into level 2 of the Abyss (merfolk impaler)
 27864 | Abyss:2  | Noticed a bone dragon
 27865 | Abyss:2  | Found a sacrificial altar of Ru.
 27865 | Abyss:2  | Found a sacrificial altar of Ru.
 27865 | Abyss:2  | Found a sacrificial altar of Ru.
 27875 | Abyss:2  | Killed a bone dragon
 27884 | Abyss:2  | Reached XP level 17. HP: 147/175 MP: 16/16
 27905 | Abyss:2  | Gained mutation: You sometimes lose your temper in combat.
                  | [a cacodemon]
 27914 | Abyss:2  | Lost mutation: You sometimes lose your temper in combat.
                  | [potion of mutation]
 27914 | Abyss:2  | Gained mutation: Your system is resistant to poisons.
                  | (rPois) [potion of mutation]
 27920 | Shoals:4 | Escaped the Abyss
 28173 | Shoals:4 | Learned a level 6 spell: Statue Form
 28327 | Shoals:4 | Identified the +5 executioner's axe of Indomitability
                  | {antimagic, *Corrode Fly Will- Int+7}
 28550 | Shoals:4 | Reached skill level 1 in Earth Magic
 28629 | Shoals:4 | Reached skill level 1 in Transmutations
 28706 | Shoals:4 | Identified the +1 pair of boots of Brilliance {rElec Int+4
                  | Slay+3}
 28966 | Shoals:4 | Identified the +1 leather armour of Dim Light {+Inv rC+}
 29093 | Shoals:4 | Reached skill level 1 in Spellcasting
 29319 | Shoals:4 | Got a barnacled rune of Zot
 29596 | Snake:1  | Entered Level 1 of the Snake Pit
 29596 | Snake:1  | Noticed Agnes
 29606 | Snake:1  | Killed Agnes
 30465 | Snake:2  | Noticed Nikola
 30487 | Snake:1  | Killed Nikola
 30515 | Snake:1  | Reached skill level 21 in Unarmed Combat
 31047 | Snake:2  | Found the +3 warlock's mirror {reflect}
 31567 | Snake:3  | Reached skill level 5 in Earth Magic
 31623 | Snake:3  | Reached XP level 18. HP: 105/185 MP: 20/20
 31814 | Snake:3  | Found a transporter.
 31878 | Snake:3  | Found a transporter.
 31947 | Snake:3  | Found Awett's Magic Scroll Shoppe.
 31947 | Snake:3  | Found Asagh's Assorted Antiques.
 32110 | Snake:3  | Bought a scroll of summoning for 123 gold pieces
 32110 | Snake:3  | Bought a scroll of enchant armour for 97 gold pieces
 32110 | Snake:3  | Bought a scroll of enchant armour for 97 gold pieces
 32110 | Snake:3  | Bought a scroll of fear for 52 gold pieces
 32110 | Snake:3  | Bought a scroll of summoning for 123 gold pieces
 32275 | Snake:3  | Reached skill level 5 in Transmutations
 32593 | Snake:4  | Entered Level 4 of the Snake Pit
 33547 | Snake:4  | Got a serpentine rune of Zot
 34342 | Vaults:1 | Entered Level 1 of the Vaults
 34564 | Vaults:1 | Found a crumbling gateway.
 34583 | Desolati | Entered the Desolation of Salt
 34778 | Desolati | HP: 9/185 [servant of whispers/+0 spear (4)]
 34778 | Desolati | Slain by a ragged hierophant

Illustrated notes

Levels and vault maps discovered:
D:1:      eino_arrival_druids_welcome, layout_loops_ring,
          amcnicky_mini_corridor_feature, nicolae_titane
D:2:      layout_loops_ring, serial_shops, nicolae_square_shop
D:3:      layout_basic, nicolae_ru_the_path_less_chosen, okawaru_trees_1,
          nicolae_gozag_seed_capital, shapermc_ecumenical_altar_ellora,
          serial_corexii_hall, corexii_hall_statues_t, corexii_hall_statues_x,
          chequers_hall_statues_wall_a, chequers_hall_statues_y, uniq_jessica,
          uniq_grinder
D:4:      layout_cave_pools, nicolae_tso_carved_into_rock, vehumet_statue,
          uniq_robin
D:5:      layout_basic, nicolae_inconvenience_store, serial_bayou_pond_b,
          nicolae_shop_clearance, uniq_pikel, uniq_eustachio
D:6:      layout_basic, nicolae_overflow_crystal_walls,
          lemuel_temple_firewalk_b, feat_on_display
D:7:      layout_loops_ring, xom_butterflies,
          grunt_temple_overflow_growth_and_decay, serial_shops,
          nicolae_shop_advertising_works [nicolae_subvault_shop_adworks]
D:8:      layout_loops_ring, nicolae_wu_jian_immortal_techniques,
          dancing_weapons_uskayaw, minmay_door_square, minivault_21
D:9:      layout_basic, grunt_dithmenos_smoke_and_mirrors, roderic_lattice_a,
          grunt_ministairs_1, minivault_24
D:10:     layout_gridville, nemelex_diamond_rough_becter, slow_altar_2,
          serial_glass, glass_columns_b, glass_columns_a, glass_columns_a,
          enter_bailey_4, uniq_erolcha, uniq_nergalle
D:11:     layout_basic, dpeg_oklobed_lair, orc_0_dummy
D:12:     wad_guarded_room, layout_rooms, serial_shops, nicolae_take_the_stairs,
          gauntlet_entry_generic, gammafunk_ghost_fury_of_okawaru,
          grunt_ministairs_1, minmay_parallelograms
D:13:     layout_basic, erik_vaults_2
D:14:     layout_gridville, chequers_serial_rivers_micro_b,
          minmay_misc_feat_hallway
D:15:     gammafunk_depths_entry_grave, layout_irregular_city
Temple:   hellmonk_temple_two_chambers
Lair:1:   layout_layer_cave, infiniplex_staircase_pool, lemuel_fruit_tree
Lair:2:   layout_small_grid, guppyfry_snake_entry_garden, grunt_megastairs_3
Lair:3:   layout_gridlike, elwin_shoals_entry_rocks,
          hellmonk_guarded_unrand_zhor, grunt_megastairs_5
Lair:4:   layout_loops_ring
Lair:5:   hellmonk_lair_end_abyssal_woods, layout_big_grid, slime_entry_1,
          gammafunk_ghost_ooze, columned_hall_lemuel
Shoals:1: layout_shoals, ebering_ghost_disaster_area
Shoals:2: layout_shoals, nicolae_shoals_stone_sculpture_thing,
          serial_nicolae_subway, nicolae_sub_station_metal,
          nicolae_sub_station_stone, nicolae_sub_station_crystal, uniq_roxanne
Shoals:3: layout_shoals
Shoals:4: shoals_end_grunt_ice, layout_shoals, nicolae_shoals_loop_pool
Snake:1:  layout_gridlike, grunt_megastairs_2, serial_bayou_shore_b, uniq_agnes
Snake:2:  layout_cave_shapes, uniq_nikola
Snake:3:  gammafunk_sealed_arena, layout_misc_corridors,
          nicolae_triple_integral, minmay_shoptagon
Snake:4:  hellmonk_snake_rune_quicksilver_temple, layout_gridlike,
          serial_bayou_shore_b, serial_bayou_shore_b, serial_bayou_shore_b
Orc:1:    layout_diamond_mine, nicolae_shop_firing_range, uniq_sonja
Orc:2:    st_orc_mages, layout_caves, serial_shops, shop, uniq_snorg,
          uniq_jorgrun, uniq_rupert, uniq_saint_roka
Vaults:1: portal_desolation_entry_ruin, hangedman_vaults_corner,
          vaults_room_grunt_arrival_ludios, nicolae_vaults_stairing_the_circle,
          hangedman_vaults_capsules, v_alt_pattern_4, vaults_mumra_hex,
          vaults_dpeg_doors, grunt_vaults_swirl, layout_vaults_chaotic_city
Desolation

Skill      XL: |  1  2  3  4  5  6  7  8  9 10 11 12 13 14 15 16 17 18 |
---------------+-------------------------------------------------------+-----
Unarmed Combat | 3 4 5 7 8 9 11 12 14 15 17 18 20 21 | 21.1
Throwing       | 1 2 3 4 5 6 |  6.0
Fighting       | 3 4 5 6 7 8 9 10 11 12 13 | 13.3
Shields        | 3 4 5 6 8 9 10 11 12 13 | 13.3
Dodging        | 3 4 5 7 8 9 |  9.9
Earth Magic    | 5 8 |  8.6
Transmutations | 4 7 |  7.2
Spellcasting   | 2 4 |  4.0

Action                   |  1- 3 |  4- 6 |  7- 9 | 10-12 | 13-15 | 16-18 || total
-------------------------+-------+-------+-------+-------+-------+-------++-------
Melee: Unarmed           |    77 |   108 |   338 |   739 |  1272 |  1620 ||  4154
       Scimitar          |       |       |       |       |    52 |       ||    52
Throw: Stone             |     2 |       |     6 |     6 |       |       ||    14
       Large rock        |       |     2 |       |    14 |     9 |       ||    25
       Dart              |       |       |       |    15 |    13 |     1 ||    29
       Throwing net      |       |       |       |     1 |       |       ||     1
       Boomerang         |       |       |       |       |     8 |    15 ||    23
Invok: Lunge             |       |       |       |    62 |    84 |   134 ||   280
       Whirlwind         |       |       |       |    27 |   150 |   231 ||   408
       Heavenly Storm    |       |       |       |       |       |     4 ||     4
Evoke: Wand              |       |       |       |       |       |    13 ||    13
       Box of beasts     |       |       |       |       |       |     1 ||     1
  Use: Scroll            |     1 |       |     6 |    14 |    16 |    18 ||    55
       Potion            |       |       |     1 |     3 |     5 |     5 ||    14
 Stab: Sleeping          |       |     1 |       |       |       |     1 ||     2
       Distracted        |       |       |     1 |       |     1 |     2 ||     4
       Held in net/web   |       |       |       |     1 |       |       ||     1
       Fleeing           |       |       |       |       |     1 |       ||     1
Armor: Robe              |    18 |    23 |   112 |       |       |       ||   153
       Steam dragon scal |       |       |       |    30 |       |       ||    30
       Troll leather arm |       |       |       |   125 |    57 |       ||   182
       Skin              |       |       |       |       |    62 |       ||    62
       Animal skin       |       |       |       |       |   238 |   206 ||   444
Dodge: Dodged            |    29 |    58 |   195 |   258 |   282 |   291 ||  1113
Block: Kite shield       |    25 |    50 |   140 |   333 |   867 |  1035 ||  2450
       Reflection        |       |       |       |     8 |    33 |   143 ||   184
